 Dungeon Crawl Stone Soup version 0.27.1-1-g398f81649c (webtiles) character file.

Game seed: 7481163573238506947

82 imbaldmole the Sneak (level 4, -1/29 HPs)
             Began as an Octopode Brigand on Sept 20, 2021.
             Killed by nerve-wracking pain
             ... invoked by an orc priest
              (5 damage)
             ... on level 3 of the Dungeon.
             The game lasted 00:11:56 (1894 turns).

imbaldmole the Sneak (Octopode Brigand)             Turns: 1894, Time: 00:11:56

Health: -1/29      AC:  1    Str: 11    XL:     4   Next: 43%
Magic:  4/4        EV: 13    Int: 13    God:
Gold:   54         SH:  0    Dex: 13    Spells: 3/3 levels left

rFire    . . .     SeeInvis .   a - +2 dagger
rCold    . . .     Faith    .   (no shield)
rNeg     . . .     Spirit   .   (helmet restricted)
rPois    .         Reflect  .   k - amulet of the acrobat
rElec    .         Harm     .   (no ring)
rCorr    .         Rampage  .   (no ring)
Will     .....                  (no ring)
Stlth    ++++......             (no ring)
HPRegen  0.09/turn              (no ring)
MPRegen  0.09/turn              (no ring)
                                (no ring)
                                (no ring)

@: no status effects
A: almost no armour, amphibious, 8 rings, camouflage 1, gelatinous body 1,
(nimble swimmer 1), tentacles
a: no special abilities


You were on level 3 of the Dungeon.
You visited 1 branch of the dungeon, and saw 3 of its levels.

You collected 54 gold pieces.

Inventory:

Hand Weapons
 a - a +2 dagger (weapon)
Missiles
 b - 8 poisoned darts (quivered)
 c - 2 curare-tipped darts
Magical Staves
 g - a staff of conjuration
Jewellery
 k - an amulet of the acrobat (around mantle)
 n - an amulet of regeneration
Scrolls
 d - a scroll of enchant armour {unknown}
 f - 2 scrolls of teleportation {unknown}
 i - 2 scrolls of summoning {unknown}
 j - a scroll of acquirement {unknown}
 m - a scroll of noise {unknown}
Potions
 e - a potion of haste {unknown}
 h - a potion of flight {unknown}
 l - 2 potions of curing {unknown}


   Skills:
 + Level 2.1 Fighting
 + Level 2.4 Short Blades
 + Level 2.2 Throwing
 + Level 1.5 Dodging
 + Level 7.2 Stealth


You had 3 spell levels left.
You didn't know any spells.
Your spell library was empty.

Dungeon Overview and Level Annotations

Branches:
Dungeon (3/15)

Altars:


Innate Abilities, Weirdness & Mutations

You cannot wear most types of armour.
You are amphibious.
You can wear up to eight rings at the same time.
Your skin changes colour to match your surroundings (Stealth+).
Your rubbery body absorbs attacks. (AC +1, EV +1)
((You are camouflaged near water. (Stealth+)))
You have tentacles for arms and can constrict up to eight enemies at once.


Message History

There is a stone staircase leading up here.
An orc comes into view. It is wielding a +0 falchion.
The helpless orc fails to defend itself.
You impale the orc!!
You kill the orc!
The orc shouts!
The orc priest shouts!
You hear a shout!
An orc comes into view. It is wielding a +0 dagger.
Things that are here:
a +0 short sword; a +0 leather armour You hit the orc.
You grab the orc.
The orc is severely wounded.
You constrict the orc, but do no damage.
The orc hits you with a +0 falchion! The orc hits you with a +0 dagger.
You release your grip on the orc.
The orc priest misses you. The orc hits you with a +0 falchion.
The orc priest completely misses you.
There is a stone staircase leading up here.
You hit the orc but do no damage. You grab the orc. You squeeze the orc.
You kill the orc!
The orc priest hits you with a +0 flail!
You hit the bullfrog zombie. Your grab misses the bullfrog zombie.
You squeeze the bullfrog zombie!
The bullfrog zombie is moderately damaged.
The bullfrog zombie completely misses you.
The orc priest barely misses you.
You barely miss the bullfrog zombie. Your grab misses the bullfrog zombie.
You squeeze the bullfrog zombie!
The bullfrog zombie is severely damaged.
The bullfrog zombie hits you.
* * * LOW HITPOINT WARNING * * *
The orc priest hits you with a +0 flail.
* * * LOW HITPOINT WARNING * * *
You can't go down here!
Unknown command.
There are no items here.
Unknown command.
Unknown command.
The orc priest invokes the aid of Beogh against you.
Pain shoots through your body!
You die...

##..
#...
#... #
..#
#.##.###
#......#
#..#.#o#
#...Zo@#
##.#####
#


You could see an orc priest, an orc and a bullfrog zombie.

Vanquished Creatures
  3 adders (D:2)
  2 worms (D:2)
  2 dart slugs
  2 orcs (D:3)
  3 ball pythons (D:1)
  5 endoplasms
  A giant cockroach (D:1)
  4 goblins
  A hobgoblin (D:1)
  4 jackals (D:1)
  2 quokkas
  4 bats (D:2)
  4 frilled lizards
  6 kobolds
  2 rats
45 creatures vanquished.

Notes
Turn   | Place    | Note
-------+----------+-------------------------------------------
     0 | D:1      | imbaldmole the Octopode Brigand began the quest for the
                  | Orb.
     0 | D:1      | Reached XP level 1. HP: 14/14 MP: 1/1
    47 | D:1      | Found a faded altar of an unknown god.
   201 | D:1      | Reached XP level 2. HP: 14/19 MP: 2/2
   291 | D:1      | Reached skill level 6 in Stealth
   783 | D:1      | Reached XP level 3. HP: 21/24 MP: 3/3
  1072 | D:1      | You fall into a shaft and drop 1 floor!
  1527 | D:2      | Reached XP level 4. HP: 29/29 MP: 4/4
  1605 | D:2      | Reached skill level 7 in Stealth
  1894 | D:3      | Killed from afar by an orc priest

Illustrated notes

Levels and vault maps discovered:
D:1:      eino_arrival_water_star, layout_loops_cross,
          shapermc_ecumenical_altar_totnotflames, serial_bayou_pond_c
D:2:      layout_basic
D:3:      layout_basic

Skill      XL: |  1  2  3  4 |
---------------+-------------+-----
Stealth        | 6 7 |  7.2
Fighting       | |  2.1
Short Blades   | |  2.4
Throwing       | |  2.2
Dodging        | |  1.5

Action                   |  1- 3 |  4- 6 || total
-------------------------+-------+-------++-------
Melee: Dagger            |    63 |    12 ||    75
       Constrict         |    18 |     4 ||    22
       Tentacles         |     9 |     4 ||    13
Throw: Dart              |     4 |       ||     4
 Stab: Sleeping          |    13 |     2 ||    15
Armor: Skin              |     3 |       ||     3
Dodge: Dodged            |    33 |     9 ||    42
